 Dungeon Crawl Stone Soup version 0.31.0-11-ge490571c62 (webtiles) character file.

Game seed: 6003058189745904345

2313 solopath the Basher (level 9, -5/98 HPs)
             Began as an Oni Berserker on Jan 30, 2024.
             Was a Priest of Trog.
             Succumbed to a kobold brigand's curare-tipped dart
             ... on level 6 of the Dungeon.
             The game lasted 00:06:04 (6408 turns).

solopath the Basher (Oni Berserker)                 Turns: 6408, Time: 00:06:05

Health: -5/98      AC:  3    Str: 31    XL:     9   Next: 41%
Magic:  9/9        EV: 10    Int:  7    God:    Trog [***...]
Gold:   394        SH:  0    Dex:  7    Spells: 8/8 levels left

rFire   . . .        a - +0 mace
rCold   + . .        (no shield)
rNeg    . . .        b - +0 animal skin
rPois   .            (helmet restricted)
rElec   .            (no cloak)
rCorr   .            (gloves unavailable)
SInv    .            (boots unavailable)
Will    .....        (no amulet)
Stlth   +            (no ring)
HPRegen 0.36/turn    (no ring)
MPRegen 0.11/turn

%: clarity
@: brilliant, lethally poisoned (-5 -> -23), weak-willed, slowed, very slow
A: large, unfitting armour, horns 1, tough skin 1, double potion healing,
drunken brawling, clarity, cold resistance 1, strong 1
a: Renounce Religion, Berserk, Trog's Hand


You were on level 6 of the Dungeon.
You worshipped Trog.
Trog was most pleased with you.
You visited 2 branches of the dungeon, and saw 7 of its levels.

You collected 394 gold pieces.

Inventory:

Hand Weapons
 a - a +0 mace (weapon)
Missiles
 h - 3 poisoned darts (quivered)
 t - a curare-tipped dart
Armour
 b - a +0 animal skin (worn)
Jewellery
 m - a ring of flight
Scrolls
 c - a scroll of teleportation
 f - 2 scrolls of blinking {unknown}
 i - 3 scrolls of noise {unknown}
 j - 3 scrolls of immolation {unknown}
 o - 3 scrolls of amnesia {unknown}
 p - 5 scrolls of identify
 s - a scroll of enchant armour {unknown}
Potions
 d - 3 potions of lignification
 g - a potion of brilliance
 k - a potion of mutation
 l - a potion of enlightenment {unknown}
 q - a potion of degeneration {unknown}
 r - a potion of heal wounds {unknown}


   Skills:
 + Level 9.3 Fighting
 * Level 9.7 Maces & Flails
 - Level 5.0 Throwing
 - Level 2.6 Dodging


You had 8 spell levels left.
You didn't know any spells.
Your spell library was empty.

Dungeon Overview and Level Annotations

Branches:
Dungeon (6/15)             Temple (1/1) D:6

Altars:
Ashenzari
Cheibriados
Dithmenos
Elyvilon
Gozag
Hepliaklqana
Kikubaaqudgha
Makhleb
Nemelex Xobeh
Okawaru
Qazlal
Sif Muna
Trog
Uskayaw
Vehumet
Wu Jian
Xom
Zin
The Shining One

Shops:
D:3 *

Annotations:
D:3 2 transporters
D:6 LobsterGuardian's ghost, novice HOHu


Innate Abilities, Weirdness & Mutations

You are too large for most types of armour.
You have a pair of small horns on your head.
You have tough skin. (AC +1)
You gain doubled healing and magic from potions.
Whenever you drink a healing potion, you attack all around you.
You possess an exceptional clarity of mind.
Your flesh is cold resistant. (rC+)
Your muscles are strong. (Str +4, Int/Dex -1)


Message History

The kobold brigand throws a curare-tipped dart.
The curare-tipped dart hits you.
You are more poisoned.
You have difficulty breathing.
You feel as though you will be slow longer.
The kobold brigand hits you with a +1 dagger of electrocution.
You barely miss the kobold brigand. You headbutt the kobold brigand.
The kobold brigand is moderately wounded.
You feel extremely sick. The kobold brigand barely misses you.
The kobold brigand throws a curare-tipped dart.
The curare-tipped dart hits you.
You are more poisoned.
You have difficulty breathing.
You feel as though you will be slow longer.
You hit the kobold brigand.
Your headbutt misses the kobold brigand.
The kobold brigand is heavily wounded.
You feel extremely sick.
The kobold brigand hits you with a +1 dagger of electrocution.
Unknown command.
It was a potion of brilliance.
You feel clever all of a sudden.
* * * LOW HITPOINT WARNING * * *
You feel extremely sick.
The kobold brigand hits you with a +1 dagger of electrocution.
* * * LOW HITPOINT WARNING * * *
The kobold brigand barely misses you. The kobold brigand closely misses you.
The kobold brigand hits you with a +0 short sword of distortion.
* * * LOW HITPOINT WARNING * * *
Space warps around you!
* * * LOW HITPOINT WARNING * * *
The kobold brigand hits you with a +1 dagger of electrocution.
* * * LOW HITPOINT WARNING * * *
The kobold brigand hits you with a +0 whip.
* * * LOW HITPOINT WARNING * * *
Unknown command.
It was a potion of mutation.
You feel extremely strange.
You feel stronger.
Your thoughts seem clearer.
You feel resistant to cold.
You die...

##...###..............##.........
####..##..........W............##
.###..##........................#
.........)............###........
...#.###.<.........##.#.#........
...#####.........###.............
.#.....))[.......# ##..K.........
.........[.....KK###.............
...........<...K@................
........................#........
........[....#..........#........
............##.##............>...
..[.........<.##........###......
.........................##......
..........###....)......##.......
..........###..).)...............
.....................##....##....


You could see 4 kobold brigands and LobsterGuardian's ghost.

Vanquished Creatures
  A hornet (D:6)
  Grinder (D:5)
  A wyvern (D:5)
  Eustachio (D:6)
  2 ice beasts
  A black bear (D:5)
  3 ogres
  A phantom (D:5)
  2 bullfrogs
  A kobold brigand (D:6)
  A scorpion (D:5)
  2 bombardier beetles
  A jelly (D:5)
  6 hounds
  3 orc priests (D:6)
  5 iguanas
  3 orc wizards
  10 adders
  3 gnolls (D:2)
  A white imp (D:6)
  3 dart slugs
  2 ribbon worms
  8 orcs
  3 bats
  4 endoplasms
  5 giant cockroaches
  4 goblins
  3 hobgoblins
  9 kobolds
  4 quokkas
  8 ball pythons
  2 frilled lizards (D:3)
  6 rats
110 creatures vanquished.

Notes
Turn   | Place    | Note
-------+----------+-------------------------------------------
     0 | D:1      | solopath the Oni Berserker began the quest for the Orb.
     0 | D:1      | Reached XP level 1. HP: 24/24 MP: 1/1
   224 | D:1      | Reached XP level 2. HP: 32/32 MP: 2/2
   994 | D:2      | Reached XP level 3. HP: 40/40 MP: 3/3
  1316 | D:2      | Reached ** piety under Trog
  1491 | D:2      | Reached skill level 1 in Throwing
  1491 | D:2      | Reached XP level 4. HP: 49/49 MP: 4/4
  1614 | D:2      | Reached skill level 5 in Fighting
  1969 | D:3      | Found Zin's Purification Station.
  2004 | D:3      | Found a glowing silver altar of Zin.
  2183 | D:3      | Reached XP level 5. HP: 50/57 MP: 5/5
  2197 | D:3      | Identified the +4 trident of Puiloaji {flame, Will+ Str-3
                  | Dex+3}
  2227 | D:3      | Found a faded altar of an unknown god.
  2616 | D:3      | Found a transporter.
  2795 | D:3      | Found a transporter.
  3065 | D:4      | Reached skill level 5 in Maces & Flails
  3281 | D:4      | Reached XP level 6. HP: 66/66 MP: 6/6
  3679 | D:5      | Entered Level 5 of the Dungeon
  3725 | D:5      | Reached XP level 7. HP: 61/75 MP: 7/7
  4295 | D:5      | Found an iron altar of Okawaru.
  4295 | D:5      | Found a faded altar of an unknown god.
  4303 | D:5      | Found a faded altar of an unknown god.
  4305 | D:5      | Found a shadowy altar of Dithmenos.
  4307 | D:5      | Found an ancient bone altar of Kikubaaqudgha.
  4357 | D:5      | Reached XP level 8. HP: 84/87 MP: 8/8
  4493 | D:5      | Noticed Grinder
  4502 | D:5      | Killed Grinder
  4874 | D:6      | Found a runed translucent gate.
  4874 | D:6      | Found a runed translucent gate.
  4874 | D:6      | Found a runed translucent gate.
  4875 | D:6      | Noticed a wyvern
  5056 | D:5      | Killed a wyvern
  5203 | D:5      | Reached skill level 5 in Throwing
  5289 | D:6      | Reached XP level 9. HP: 83/97 MP: 9/9
  5511 | D:6      | Noticed Eustachio
  5528 | D:6      | Killed Eustachio
  5575 | D:6      | Found a staircase to the Ecumenical Temple.
  5579 | Temple   | Entered the Ecumenical Temple
  5646 | D:6      | Noticed a hornet
  5650 | D:6      | Paralysed by a hornet for 3 turns
  5655 | D:6      | Killed a hornet
  6008 | D:6      | Noticed LobsterGuardian's ghost (novice HOHu)
  6100 | D:6      | Reached *** piety under Trog
  6407 | D:6      | HP: 1/98 [kobold brigand/+0 whip (4)]
  6408 | D:6      | Gained mutation: Your muscles are strong. (Str +4, Int/Dex
                  | -1) [potion of mutation]
  6408 | D:6      | Gained mutation: You possess an exceptional clarity of
                  | mind. [potion of mutation]
  6408 | D:6      | Gained mutation: Your flesh is cold resistant. (rC+)
                  | [potion of mutation]
  6408 | D:6      | Succumbed to a kobold brigand's curare-tipped dart

Illustrated notes

Levels and vault maps discovered:
D:1:      grunt_arrival_crossed_arrows, layout_loops_corners
D:2:      layout_loops_corners
D:3:      gammafunk_steamed_eel, layout_basic, zin_purify,
          nicolae_ecumenical_snake_handling
D:4:      layout_cave_pools, serial_forest, infiniplex_forest_clump_small,
          infiniplex_forest_side_room, infiniplex_forest_corner_2,
          infiniplex_forest_straight_5, infiniplex_forest_lined_corner,
          infiniplex_forest_diagonal, due_unseen_surprise
D:5:      layout_loops_cross, chequers_temple_overflow_minitemple, uniq_grinder
D:6:      layout_cave_pools, minmay_temple_entry_glassed_door,
          gammafunk_ghost_nasty_kobolds, uniq_eustachio
Temple:   hellmonk_temple_of_storms

Skill      XL: |  1  2  3  4  5  6  7  8  9 |
---------------+----------------------------+-----
Maces & Flails | 4 5 7 8 9 |  9.7
Throwing       | 1 2 3 5 |  5.0
Fighting       | 5 6 7 8 9 |  9.3
Dodging        | |  2.6

Action                     |  1- 3 |  4- 6 |  7- 9 || total
---------------------------+-------+-------+-------++-------
  Melee: Mace              |    73 |   157 |   166 ||   396
         Punch             |     1 |     1 |     3 ||     5
         Headbutt          |     5 |    17 |    37 ||    59
  Throw: Dart              |     2 |       |    15 ||    17
 Invoke: Berserk           |     1 |     1 |     8 ||    10
    Use: Scroll            |       |       |     4 ||     4
         Potion            |       |       |     2 ||     2
 Armour: Animal skin       |    53 |   106 |   160 ||   319
  Dodge: Dodged            |    42 |   104 |    95 ||   241
